 Dungeon Crawl Stone Soup version 0.30-a0-847-g17996783a1 (webtiles) character file.

Game seed: 12623444421575846287

85 Newt the Shooter (level 4, -1/31 HPs)
             Began as a Kobold Hunter on Mar 3, 2023.
             Slain by a gnoll
             ... wielding a +0 whip
              (4 damage)
             ... on level 3 of the Dungeon.
             The game lasted 00:01:29 (1598 turns).

Newt the Shooter (Kobold Hunter)                    Turns: 1598, Time: 00:01:29

Health: -1/31      AC:  4    Str:  8    XL:     4   Next: 75%
Magic:  4/4        EV: 14    Int: 10    God:
Gold:   156        SH:  0    Dex: 20    Spells: 3/3 levels left

rFire   . . .      SeeInvis .    a - +0 shortbow
rCold   . . .      Faith    .    (shield currently unavailable)
rNeg    . . .      Spirit   .    c - +1 leather armour
rPois   .          Reflect  .    (no helmet)
rElec   .          Rampage  .    (no cloak)
rCorr   .                        (no gloves)
Will    .....                    (no boots)
Stlth   +++                      (no amulet)
HPRegen 0.25/turn                (no ring)
MPRegen 0.09/turn                (no ring)

@: no status effects
A: small, no large weapons, nightstalker 3
a: no special abilities


You were on level 3 of the Dungeon.
You visited 1 branch of the dungeon, and saw 3 of its levels.

You collected 156 gold pieces.

Inventory:

Hand Weapons
 a - a +0 shortbow (weapon)
Armour
 c - a +1 leather armour (worn)
Wands
 i - a wand of roots (10)
Scrolls
 b - a scroll of immolation
 d - 2 scrolls of enchant armour
 g - 2 scrolls of fear
 k - 2 scrolls of magic mapping
Potions
 e - a potion of brilliance {unknown}
 f - a potion of curing {unknown}
 h - a potion of invisibility {unknown}
 j - a potion of lignification {unknown}
 l - a potion of mutation {unknown}
 m - a potion of resistance {unknown}


   Skills:
 - Level 5.0 Fighting
 + Level 5.4 Ranged Weapons
 - Level 2.4 Dodging
 - Level 1.3 Stealth


You had 3 spell levels left.
You didn't know any spells.
Your spell library was empty.

Dungeon Overview and Level Annotations

Branches:
Dungeon (3/15)

Altars:

Annotations:
D:3 3 runed translucent doors


Innate Abilities, Weirdness & Mutations

You are small and have problems with some larger weapons.
You are completely attuned to the shadows.


Message History

The adder hisses angrily.
The adder is lightly wounded.
You hear a shout! x2
A gnoll comes into view. It is wielding a +0 flail.
A gnoll comes into view. It is wielding a +0 whip.
You shoot an arrow. The arrow barely misses the adder.
You shoot an arrow. The arrow closely misses the adder.
You hear a shout!
The adder misses you.
A gnoll comes into view. It is wielding a +0 spear.
The adder barely misses you. The adder barely misses you.
The adder attacks as you move away! The adder bites you but does no damage.
The adder barely misses you.
You shoot an arrow. The arrow hits the adder.
The adder is heavily wounded.
The adder bites you but does no damage. The adder bites you.
You shoot an arrow. The arrow hits the adder!
You kill the adder!
The gnoll hits you with a +0 flail!
Training target 5.0 for Fighting reached!
Your Fighting skill increases to level 5!
You need to enable at least one skill for training.
You shoot an arrow. The arrow hits the gnoll!
The gnoll is severely wounded.
The gnoll hits you with a +0 flail.
You shoot an arrow.
The arrow hits the gnoll but does no damage.
The gnoll is severely wounded.
The gnoll hits you with a +0 flail!
You are too injured to fight recklessly!
You shoot an arrow. The arrow hits the gnoll.
The gnoll is almost dead.
The gnoll hits you with a +0 flail!
* * * LOW HITPOINT WARNING * * *
A gnoll comes into view. It is wielding a +0 whip.
You shoot an arrow. The arrow hits the gnoll.
You kill the gnoll!
The gnoll hits you with a +0 whip.
You die...

§.§...§.
§§..§§§ ....§#
## #.g.#
###.##...#
.....g.###
###..##
###..######
.....ggg@.##
###+++###..##
#.......##..#
.........##.##
..........#..#
. ##.# .. #.#
#..#.##
#..#..####


You could see 3 gnolls.

Vanquished Creatures
  3 adders
  A gnoll (D:3)
  3 worms (D:2)
  4 dart slugs
  5 endoplasms
  4 giant cockroaches
  3 goblins
  A hobgoblin (D:2)
  2 jackals (D:1)
  2 quokkas
  5 ball pythons
  2 bats
  2 frilled lizards
  A kobold (D:2)
  5 rats
43 creatures vanquished.

Notes
Turn   | Place    | Note
-------+----------+-------------------------------------------
     0 | D:1      | Newt the Kobold Hunter began the quest for the Orb.
     0 | D:1      | Reached XP level 1. HP: 12/12 MP: 1/1
   130 | D:1      | Reached XP level 2. HP: 15/18 MP: 2/2
   488 | D:1      | Reached XP level 3. HP: 19/23 MP: 3/3
  1133 | D:2      | Identified the +2 short sword of Tenacity {antimagic, rPois
                  | rF+ Str+3}
  1164 | D:2      | Reached XP level 4. HP: 30/30 MP: 4/4
  1572 | D:3      | Found a runed translucent gate.
  1573 | D:3      | Found a runed translucent gate.
  1574 | D:3      | Found a runed translucent gate.
  1595 | D:3      | Reached skill level 5 in Fighting
  1598 | D:3      | Slain by a gnoll

Illustrated notes

Levels and vault maps discovered:
D:1:      lightli_arrival_flooded_house, layout_basic
D:2:      layout_basic, minmay_stone_trees_medium
D:3:      layout_loops_ring, nicolae_dithmenos_the_darkroom,
          gammafunk_ghost_icy, minivault_24, grunt_ministairs_6

Skill      XL: |  1  2  3  4 |
---------------+-------------+-----
Fighting       | 3 4 5 |  5.0
Ranged Weapons | |  5.4
Dodging        | |  2.4
Stealth        | |  1.3

Action                     |  1- 3 |  4- 6 || total
---------------------------+-------+-------++-------
   Fire: Shortbow          |    95 |    31 ||   126
    Use: Scroll            |     4 |     3 ||     7
 Armour: Leather armour    |    12 |     4 ||    16
  Dodge: Dodged            |    38 |     9 ||    47

Table legend: (Time is in decaauts)
 A = Elapsed time spent in this place.
 B = Non-inter-level travel time spent in this place.
 C = Inter-level travel time spent in this place.
 D = Time resting spent in this place.
 E = Time spent auto-exploring this place.
 F = Levels seen in this place.
 G = Mean time per level.
                   A        B        C        D        E       F      G
               +--------+--------+--------+--------+--------+-----+--------+
         Total |   1634 |   1598 |     36 |      3 |   1339 |   3 |  544.7 |
       Dungeon |   1634 |   1598 |     36 |      3 |   1339 |   3 |  544.7 |
               +--------+--------+--------+--------+--------+-----+--------+

Top non-repeatable levels by time:
     D:2: 859 daAuts
     D:1: 546 daAuts
     D:3: 227 daAuts
